 Dungeon Crawl Stone Soup version 0.21-a0-521-g1cd18d1 (webtiles) character file.

637 solxrula the Cudgeler (level 7, -4/68 HPs)
             Began as a Troll Berserker on Dec 6, 2017.
             Was a Believer of Trog.
             Slain by an adder (5 damage)
             ... on level 5 of the Dungeon.
             The game lasted 00:14:46 (3424 turns).

solxrula the Cudgeler (Troll Berserker)             Turns: 3424, Time: 00:14:46

Health: -4/68      AC:  6    Str: 28    XL:     7   Next: 25%
Magic:  6/6        EV: 10    Int:  3    God:    Trog [**....]
Gold:   201        SH:  0    Dex:  9    Spells: 6/6 levels left

rFire    x . .     SeeInvis .   a - +0 mace
rCold    + . .     Gourm    +   (no shield)
rNeg     . . .     Faith    .   b - +1 animal skin
rPois    .         Spirit   .   (helmet restricted)
rElec    .         Reflect  .   (no cloak)
rCorr    .         Harm     .   (gloves unavailable)
MR       .....                  (boots unavailable)
Stlth    +.........             (no amulet)
HPRegen  0.61/turn              j - ring of ice
MPRegen  0.10/turn              (no ring)

@: lethally poisoned (-4 -> -7), berserk cooldown, heavily drained
A: large, unfitting armour, claws 3, fast metabolism 3, gourmand, regeneration
1, shaggy fur 1, tough skin 2
a: Berserk, Trog's Hand, Burn Spellbooks, Renounce Religion


You were on level 5 of the Dungeon.
You worshipped Trog.
Trog was pleased with you.
You were not hungry.

You visited 1 branch of the dungeon, and saw 5 of its levels.

You collected 201 gold pieces.

Inventory:

Hand Weapons
 a - a +0 mace (weapon)
Armour
 b - a +1 animal skin (worn)
Jewellery
 j - a ring of ice (left claw)
Wands
 e - a wand of enslavement (11)
 f - a wand of flame (34)
Scrolls
 d - 5 scrolls of identify
 g - a scroll of teleportation
 i - a scroll of remove curse
Comestibles
 c - 3 bread rations
 h - 6 royal jellies
 k - 2 meat rations


   Skills:
 + Level 3.7(1.8) Fighting
 * Level 6.2(4.2) Maces & Flails
 + Level 3.5(1.6) Dodging
 + Level 0.4(0.0) Stealth
 + Level 0.1(0.0) Evocations


You had 6 spell levels left.
You didn't know any spells.

Dungeon Overview and Level Annotations

Branches:
Dungeon (5/15)
 Temple: D:4-7

Altars:
Qazlal


Innate Abilities, Weirdness & Mutations

You are too large for most types of armour.
You have claws for hands.
Your metabolism is lightning-fast.
You like to eat raw meat.
Your natural rate of healing is unusually fast.
You are covered in fur. (AC +1)
You have very tough skin. (AC +2)


Message History

The puff of flame misses the adder.
You feel sick.
The adder bites you but does no damage. x2
You barely miss the adder.
You feel sick. The adder barely misses you. The adder bites you.
* * * LOW HITPOINT WARNING * * *
You are more poisoned.
The adder poisons you! The adder barely misses you.
You miss the adder.
You feel sick. The adder barely misses you.
The adder bites you but does no damage.
You closely miss the adder.
You feel yourself speed up.
You feel sick. The adder bites you.
* * * LOW HITPOINT WARNING * * *
You are lethally poisoned!
The adder poisons you! The adder bites you but does no damage.
You hit the adder.
The adder is severely wounded.
* * * LOW HITPOINT WARNING * * *
You feel sick. The adder misses you. The adder bites you.
You die...

#.# #.#
##.####.######
.............#
##.####..###.#
#<.# #.# #..#
#)# #..# #.#
#.(# #@# ...#
#S#
............#
##..###.....#
#... .......#
#.##..## ...
...# #.# .##
... ..


You could see an adder.

Vanquished Creatures
  A wyvern (D:4)
  An ogre (D:3)
  A phantom (D:4)
  An orc priest (D:5)
  2 bullfrog skeletons (D:4)
  3 orc wizards
  2 worker ants (D:4)
  2 adders (D:3)
  2 oozes
  2 worms
  2 dart slugs
  5 orcs
  3 giant cockroaches
  5 goblins
  7 hobgoblins
  8 jackals
  6 kobolds
  A quokka (D:3)
  A ball python (D:4)
  5 bats
  3 frilled lizards
  6 rats
69 creatures vanquished.

Notes
Turn   | Place    | Note
-------+----------+-------------------------------------------
     0 | D:1      | solxrula the Troll Berserker began the quest for the Orb.
     0 | D:1      | Reached XP level 1. HP: 22/22 MP: 0/0
    96 | D:1      | Reached skill level 3 in Maces & Flails
    96 | D:1      | Reached XP level 2. HP: 29/29 MP: 1/1
   938 | D:2      | Reached ** piety under Trog
  1088 | D:2      | Reached XP level 3. HP: 36/36 MP: 2/2
  1096 | D:2      | Found a stormy altar of Qazlal.
  1715 | D:3      | Noticed an ogre
  1723 | D:3      | Killed an ogre
  1723 | D:3      | Reached skill level 4 in Maces & Flails
  1723 | D:3      | Reached XP level 4. HP: 33/44 MP: 3/3
  1723 | D:3      | Reached XP level 5. HP: 39/52 MP: 4/4
  2425 | D:4      | Noticed a phantom
  2553 | D:4      | Killed a phantom
  2553 | D:4      | Reached skill level 5 in Maces & Flails
  2575 | D:4      | Reached XP level 6. HP: 45/61 MP: 5/5
  3101 | D:4      | Noticed a wyvern
  3108 | D:4      | Killed a wyvern
  3108 | D:4      | Reached skill level 6 in Maces & Flails
  3108 | D:4      | Reached XP level 7. HP: 29/68 MP: 6/6
  3331 | D:5      | Entered Level 5 of the Dungeon
  3423 | D:5      | HP: 1/68 [adder (3)]
  3424 | D:5      | Slain by an adder

Vault maps used:
D:1:      kennysheep_arrival_forest, minmay_octomino_e4
D:2:      grunt_qazlal_sundering, first_bread
D:4:      serial_bayou_pond_c
D:5:      lemuel_round_altar, lemuel_crystal_altar, minmay_misc_feat_tiny

Skill      XL: |  1  2  3  4  5  6 |
---------------+-------------------+-----
Maces & Flails | 3 4 5 6 |  6.2
Dodging        | 3 |  3.5
Fighting       | 3 |  3.7
Stealth        | |  0.4
Evocations     | |  0.1

Action                   |  1- 3 |  4- 6 |  7- 9 || total
-------------------------+-------+-------+-------++-------
Melee: Mace              |   137 |   173 |    47 ||   357
Invok: Berserk           |     1 |     1 |     1 ||     3
Evoke: Wand              |       |     2 |     1 ||     3
  Use: Scroll            |     6 |     3 |     1 ||    10
       Potion            |     2 |     1 |     3 ||     6
  Eat: Chunk             |    19 |    14 |       ||    33
Armor: Animal skin       |    68 |    68 |    20 ||   156
Dodge: Dodged            |    86 |    93 |    17 ||   196

Table legend:
 A = Spawn XP
 B = Non-spawn XP
 C = Spawn XP percentage of total XP
 D = Spawn monster count
 E = Non-spawn monster count
 F = Spawn count percentage of total count
 G = Total turns spent on level
                    A         B        C        D         E        F      G
               +---------+---------+-------+---------+---------+-------+---------
         Total |       0 |     911 |   0.0 |       0 |      69 |   0.0 |  3424
               +---------+---------+-------+---------+---------+-------+---------
           D:1 |       0 |      31 |   0.0 |       0 |      18 |   0.0 |   767
           D:2 |       0 |      17 |   0.0 |       0 |      10 |   0.0 |   846
           D:3 |       0 |     186 |   0.0 |       0 |      16 |   0.0 |   684
           D:4 |       0 |     590 |   0.0 |       0 |      21 |   0.0 |  1034
           D:5 |       0 |      87 |   0.0 |       0 |       4 |   0.0 |    93
               +---------+---------+-------+---------+---------+-------+---------
